Selects Airborne Battlegroup
Selects Heavy Machine Gun Paradrop
Heavy Machine Gun Paradrop
Heavy Machine Gun Paradrop
Construct Weapon Support Center
Heavy Machine Gun Paradrop
Selects Paratrooper Squad Paradrop
Paratrooper Squad Paradrop
Paratrooper Squad Paradrop
Paratrooper Squad Paradrop
Heavy Machine Gun Paradrop
Paratrooper Squad Paradrop
Paratrooper Squad Paradrop
Selects Dual P-47 Rocket Strike
Paratrooper Squad Paradrop
Heavy Machine Gun Paradrop
Selects Carpet Bombing Run
Paratrooper Squad Paradrop
Paratrooper Squad Paradrop
Paratrooper Squad Paradrop